 Dungeon Crawl Stone Soup version 0.28.0-53-g5a82cb258f (webtiles) character file.

Game seed: 10404337583105319137

205 SanguineChosen the Grave Robber (level 5, -2/35 HPs)
             Began as a Vampire Necromancer on June 2, 2022.
             Slain by a scorpion (6 damage)
             ... on level 4 of the Dungeon.
             The game lasted 00:49:01 (2733 turns).

SanguineChosen the Grave Robber (VpNe)              Turns: 2733, Time: 00:49:02

Health: -2/35      AC:  5    Str:  7    XL:     5   Next: 52%
Magic:  1/10       EV: 12    Int: 20    God:
Gold:   135        SH:  0    Dex: 14    Spells: 6/11 levels left

rFire   . . .      SeeInvis +   p - +2 short sword (protect)
rCold   . . .      Faith    .   (no shield)
rNeg    + . .      Spirit   .   a - +0 robe
rPois   .          Reflect  .   (no helmet)
rElec   .          Harm     .   (no cloak)
rCorr   .          Rampage  .   i - +0 pair of gloves
Will    .....                   g - +1 pair of boots
Stlth   ++........              b - amulet of regeneration
HPRegen 1.11/turn               h - ring of positive energy
MPRegen 0.12/turn               k - ring of flight

@: lethally poisoned (-2 -> -3), about to teleport, flying, healing quickly
A: alive, fangs 3, see invisible, vampiric 2
a: Exsanguinate


You were on level 4 of the Dungeon.
You visited 1 branch of the dungeon, and saw 4 of its levels.

You collected 135 gold pieces.

Inventory:

Hand Weapons
 d - a +2 dagger of holy wrath
 e - a +0 dagger
 p - a +2 short sword of protection (weapon)
Armour
 a - a +0 robe (worn)
 g - a +1 pair of boots (worn)
 i - a +0 pair of gloves (worn)
Jewellery
 b - an amulet of regeneration (around neck)
 h - a ring of positive energy (left hand)
 k - a ring of flight (right hand)
Scrolls
 c - 5 scrolls of identify
 f - a scroll of teleportation
 j - a scroll of noise {unknown}
 m - a scroll of blinking {unknown}
 n - 2 scrolls of vulnerability {unknown}
 q - a scroll of summoning {unknown}
Potions
 l - a potion of brilliance


   Skills:
 + Level 2.8 Dodging
 + Level 3.2 Stealth
 + Level 3.5 Spellcasting
 + Level 6.2 Necromancy


You had 6 spell levels left.
You knew the following spells:

 Your Spells              Type           Power      Damage    Failure   Level
a - Pain                  Necr           100%       1d9       1%          1
b - Animate Skeleton      Necr           56%        N/A       1%          1
c - Vampiric Draining     Necr           28%        2d8       3%          3

Your spell library contained the following spells:

 Spells                   Type           Power      Damage    Failure   Level
 Animate Dead             Necr           14%        N/A       11%         4
 Scorch                   Fire           6%         2d5       21%         2
 Agony                    Necr           28%        N/A       28%         5
 Confusing Touch          Hex            3%         N/A       38%         3
 Gell's Gravitas          Tloc           3%         N/A       38%         3
 Lesser Beckoning         Tloc           3%         N/A       38%         3
 Teleport Other           Tloc           3%         N/A       38%         3
 Tukima's Dance           Hex            3%         N/A       38%         3
 Flame Wave               Conj/Fire      3%         2d4       80%         4
 Passage of Golubria      Tloc           3%         N/A       80%         4
 Summon Lightning Spire   Summ/Air       3%         N/A       80%         4
 Yara's Violent Unravell  Hex/Tmut       1%         3d3       98%         5
 Summon Cactus Giant      Summ           1%         N/A       100%        6
 Enfeeble                 Hex            1%         N/A       100%        7
 Storm Form               Tmut/Air       1%         N/A       100%        7
 Maxwell's Capacitive Co  Air            1%         ∞         100%        8


Dungeon Overview and Level Annotations

Branches:
Dungeon (4/15)
 Temple: D:4-7

Altars:
Fedhas

Shops:
D:4 (


Innate Abilities, Weirdness & Mutations

Your natural rate of healing is accelerated.
You have razor-sharp teeth.
You have supernaturally acute eyesight. (SInv)
You are afflicted with vampirism and can become a bat while bloodless.


Message History

Confirm with . or Enter, or press ? or * to list all spells.
Aiming: Pain (safe; 1% risk of failure)
Press: ? - help, Shift-Dir - straight line, f - scorpion
Aim: a scorpion (chance to affect: 83%)
The scorpion barely resists.
The scorpion stings you.
Casting: Pain (safe; 1% risk of failure)
Confirm with . or Enter, or press ? or * to list all spells.
Aiming: Pain (safe; 1% risk of failure)
Press: ? - help, Shift-Dir - straight line, f/p - scorpion
Aim: a scorpion (chance to affect: 83%)
The scorpion barely resists.
The scorpion stings you!
Casting: Pain (safe; 1% risk of failure)
Confirm with . or Enter, or press ? or * to list all spells.
Aiming: Pain (safe; 1% risk of failure)
Press: ? - help, Shift-Dir - straight line, f/p - scorpion
Aim: a scorpion (chance to affect: 83%)
The scorpion writhes in agony.
The scorpion stings you. The scorpion stings you!
You are poisoned.
The scorpion poisons you!
Unknown command.
Casting: Pain (safe; 1% risk of failure)
Confirm with . or Enter, or press ? or * to list all spells.
Aiming: Pain (safe; 1% risk of failure)
Press: ? - help, Shift-Dir - straight line, f/p - scorpion
Aim: a scorpion (lightly wounded, chance to affect: 83%)
The scorpion writhes in agony.
You feel very sick.
The scorpion stings you but does no damage.
Casting: Pain (safe; 1% risk of failure)
Confirm with . or Enter, or press ? or * to list all spells.
Aiming: Pain (safe; 1% risk of failure)
Press: ? - help, Shift-Dir - straight line, f/p - scorpion
Aim: a scorpion (moderately wounded, chance to affect: 83%)
The scorpion writhes in agony.
You feel sick. The scorpion stings you.
* * * LOW HITPOINT WARNING * * *
As you read the scroll labelled HOCOUKK FYCAD, it crumbles to dust.
You feel strangely unstable.
It was a scroll of teleportation.
You feel sick. The scorpion stings you.
You die...

#...................
.P^##...............##.
P.#######.............
^.^ ###..........P.P
^.##.....)........_.
.^#####...).....P.P .^#
#............ #s#
#..........## #@##
##.........#
#..#####........#
###..######.....#
##............#
####.........#
#.........# #..#+#....#
#..'∩+..### #..#+#..#


You could see a scorpion.

Vanquished Creatures
  A scorpion (D:4)
  2 orc wizards
  An adder (D:3)
  An ufetubus (D:3)
  2 dart slugs (D:3)
  10 orcs
  5 bats
  An endoplasm (D:1)
  4 giant cockroaches
  9 hobgoblins
  4 jackals (D:1)
  4 quokkas
  4 ball pythons
  2 frilled lizards (D:3)
  6 goblins
  6 kobolds
  6 rats
68 creatures vanquished.

Vanquished Creatures (others)
  A fungus (D:4)
  3 plants (D:3)
4 creatures vanquished.

Grand Total: 72 creatures vanquished

Notes
Turn   | Place    | Note
-------+----------+-------------------------------------------
     0 | D:1      | SanguineChosen the Vampire Necromancer began the quest for
                  | the Orb.
     0 | D:1      | Reached XP level 1. HP: 13/13 MP: 3/3
   112 | D:1      | Learned a level 1 spell: Animate Skeleton
   397 | D:1      | Reached XP level 2. HP: 17/19 MP: 0/5
   534 | D:1      | Found a faded altar of an unknown god.
   561 | D:1      | Reached skill level 5 in Necromancy
  1128 | D:2      | Gained mutation: You are afflicted with vampirism and can
                  | become a bat while bloodless. [Vampire growth]
  1128 | D:2      | Reached XP level 3. HP: 24/24 MP: 0/6
  1946 | D:3      | Reached XP level 4. HP: 30/30 MP: 0/8
  2301 | D:3      | Learned a level 3 spell: Vampiric Draining
  2631 | D:4      | Reached XP level 5. HP: 23/35 MP: 1/9
  2633 | D:4      | Reached skill level 6 in Necromancy
  2682 | D:4      | Found a blossoming altar of Fedhas.
  2713 | D:4      | Found Vicumnaxt's Weapon Boutique.
  2733 | D:4      | Slain by a scorpion

Illustrated notes

Levels and vault maps discovered:
D:1:      mrwooster_arrival_statue_2, layout_basic,
          shapermc_ecumenical_altar_mp_vishouse
D:2:      layout_rooms
D:3:      layout_basic, guppyfry_early_lair_pool
D:4:      old_forge, layout_rooms, fedhas_altar_1, minmay_temple_entry_tees,
          enter_ossuary_3, serial_shops, kennysheep_mini_moat, uniq_ijyb,
          uniq_crazy_yiuf_cottage

Skill      XL: |  1  2  3  4  5 |
---------------+----------------+-----
Necromancy     | 5 6 |  6.2
Spellcasting   | 3 |  3.5
Dodging        | |  2.8
Stealth        | |  3.2

Action                   |  1- 3 |  4- 6 || total
-------------------------+-------+-------++-------
Melee: Dagger            |    24 |    25 ||    49
       Bite              |     2 |     1 ||     3
       Punch             |     1 |       ||     1
       Short sword       |       |    13 ||    13
 Cast: Pain              |    69 |    46 ||   115
       Animate Skeleton  |     8 |       ||     8
  Use: Potion            |     3 |     2 ||     5
       Scroll            |       |     2 ||     2
Armor: Robe              |    16 |    33 ||    49
       Skin              |     2 |    14 ||    16
Dodge: Dodged            |    34 |    61 ||    95
